Map: Oxide LE

Players

Rogue - Winner!

  • Race: Zerg Zerg
  • Spawn Location: 1:00

Neeb

  • Race: Protoss Protoss
  • Spawn Location: 7:00

Event: IEM Katowice 2021

VOD

Have the link to the VOD?

Description

Time

  • Played on: Feb. 25, 2021, 11:21 a.m.
  • Length: 6:55

All games in this series

Show
View Real Time Build Order
Export as new Build Order

Rogue Zerg - Winner!

Build Orders: Hatch First 

Get SALT Encoding   

  12  0:00  Drone  
  13  0:12  Overlord  
  13  0:17  Drone  
  14  0:31  Drone  
  15  0:45  Drone x2  
  17  0:55  Hatchery, Drone  
  17  0:58  Drone  
  18  1:09  Extractor  
  17  1:14  Spawning Pool  
  16  1:19  Drone  
  16  1:21  Drone  
  18  1:28  Drone  
  19  1:39  Overlord  
  19  1:49  Drone  
  20  2:02  Zergling x2, Queen  
  20  2:07  Zergling x2, Queen  
  26  2:12  Drone  
  26  2:13  Metabolic Boost  
  27  2:19  Drone  
  27  2:22  Drone  
  29  2:29  Drone  
  30  2:32  Drone  
  31  2:41  Hatchery  
  31  2:43  Drone  
  31  2:48  Zergling x2  
  32  2:52  Queen  
  32  2:56  Overlord  
  34  2:59  Drone  
  34  3:01  Drone  
  36  3:15  Drone  
  36  3:16  Drone x5  
  42  3:26  Overlord  
  42  3:28  Queen  
  42  3:33  Spore Crawler  
  43  3:34  Drone  
  43  3:40  Overlord  
  44  3:45  Drone  
  45  3:50  Drone x5  
  45  3:53  Drone, Queen  
  53  3:56  Spore Crawler  
  53  4:01  Queen  
  54  4:04  Drone x2  
  54  4:08  Drone x2  
  58  4:10  Drone x2  
  58  4:15  Overlord  
  58  4:16  Drone  
  61  4:20  Drone  
  62  4:24  Drone  
  62  4:30  Queen  
  65  4:33  Roach Warren  
  63  4:39  Drone x8  
  63  4:40  Drone  
  63  4:42  Drone  
  63  4:43  Drone  
  63  4:45  Spore Crawler  
  72  4:47  Extractor  
  72  4:49  Overlord  
  71  4:53  Zergling x6  
  71  4:56  Overlord  
  71  4:57  Extractor  
  71  4:58  Extractor  
  72  5:01  Queen  
  72  5:06  Overlord x2  
  74  5:08  Queen  
  74  5:12  Queen  
  76  5:23  Roach x2  
  76  5:24  Roach x3  
  76  5:25  Roach x3  
  76  5:26  Roach  
  94  5:32  Zergling x2  
  94  5:33  Zergling x6  
  94  5:34  Overlord  
  98  5:37  Overlord  
  98  5:42  Zergling x4  
  99  5:45  Queen  
  99  5:48  Overlord, Ravager x4  
  99  5:49  Zergling x2  
  106  5:54  Zergling x8  
  110  5:58  Ravager x2  
  110  6:00  Zergling x8  
  110  6:02  Zergling x2  
  117  6:05  Overlord  
  117  6:06  Ravager  
  117  6:09  Zergling x2  
  119  6:12  Ravager  
  119  6:16  Zergling x4  
  120  6:19  Zergling x2  
  120  6:23  Zergling x2  
  120  6:24  Zergling x16  
  119  6:33  Zergling x2  
Show
View Real Time Build Order
Export as new Build Order

Neeb Protoss 

Build Orders: 1 Gate Expand, Oracle Opening 

Get SALT Encoding   

  12  0:00  Probe  
  13  0:12  Probe  
  14  0:19  Pylon  
  14  0:24  Probe  
  15  0:37  Probe (Chrono Boost)  
  15  0:40  Gateway  
  16  0:46  Probe (Chrono Boost)  
  16  0:49  Assimilator  
  17  0:52  Probe (Chrono Boost)  
  18  1:04  Probe  
  19  1:16  Probe  
  20  1:26  Nexus  
  20  1:37  Cybernetics Core  
  20  1:40  Probe  
  20  1:45  Assimilator  
  21  1:52  Probe  
  22  1:54  Pylon  
  22  2:05  Probe (Chrono Boost)  
  23  2:10  Adept (Chrono Boost)  
  23  2:15  Probe (Chrono Boost)  
  26  2:19  Probe (Chrono Boost)  
  27  2:24  Stargate  
  27  2:30  Warp Gate  
  27  2:32  Probe (Chrono Boost)  
  27  2:34  Adept  
  30  2:38  Probe (Chrono Boost)  
  32  2:49  Probe x2 (Chrono Boost)  
  32  2:51  Pylon  
  33  2:53  Probe (Chrono Boost)  
  33  2:55  Probe  
  33  2:58  Void Ray (Chrono Boost)  
  35  3:04  Probe  
  36  3:07  Probe  
  41  3:16  Gateway  
  41  3:17  Probe  
  41  3:19  Probe  
  43  3:26  Pylon  
  43  3:29  Probe  
  43  3:31  Probe  
  45  3:34  Oracle (Chrono Boost)  
  45  3:41  Probe  
  49  3:44  Probe  
  50  3:52  Pylon  
  50  3:53  Probe  
  51  3:58  Probe, Nexus  
  51  4:02  Void Ray (Chrono Boost)  
  52  4:07  Pylon  
  52  4:08  Probe  
  57  4:14  Assimilator  
  57  4:17  Assimilator, Probe  
  57  4:20  Probe  
  57  4:23  Pylon  
  59  4:25  Pylon  
  59  4:29  Probe  
  60  4:34  Robotics Facility, Probe  
  61  4:43  Probe  
  62  4:49  Probe, Forge  
  62  4:51  Twilight Council  
  63  4:56  Probe (Chrono Boost)  
  63  4:59  Sentry  
  66  5:01  Probe (Chrono Boost)  
  66  5:04  Pylon  
  68  5:08  Probe (Chrono Boost)  
  68  5:09  Sentry  
  68  5:12  Probe (Chrono Boost)  
  72  5:14  Probe (Chrono Boost)  
  72  5:17  Pylon  
  72  5:18  Immortal (Chrono Boost), Probe (Chrono Boost)  
  72  5:19  Shield Battery  
  77  5:23  Probe  
  78  5:32  Gateway  
  78  5:34  Gateway  
  78  5:42  Photon Cannon  
  78  5:45  Photon Cannon  
  78  5:48  Immortal (Chrono Boost), Sentry  
  84  5:52  Photon Cannon  
  84  5:56  Photon Cannon  
  84  6:01  Shield Battery  
  84  6:04  Pylon  
  84  6:07  Shield Battery  
  84  6:08  Photon Cannon  
  84  6:10  Shield Battery  
  84  6:13  Sentry x2  
  91  6:28  Stalker  
  93  6:33  Stalker  
  93  6:38  Zealot x2  
  85  6:43  Probe  

Tags
 
Add a new tag
Caveats
  • Supply blocks, unpowered buildings, or Contaminate may cause inaccurate times.
  • Supply counts are checked every 10 seconds.